 Dungeon Crawl Stone Soup version 0.28.0 (webtiles) character file.

Game seed: 14339375708239550730

488 SnakkuSnakku7 the Magician (level 7, -1/49 HPs)
             Began as a Djinni Gladiator on Feb 10, 2022.
             Killed by divine providence
             ... invoked by an orc priest
              (9 damage)
             ... on level 5 of the Dungeon.
             The game lasted 00:03:46 (3184 turns).

SnakkuSnakku7 the Magician (Djinni Gladiator)       Turns: 3184, Time: 00:03:46

Health: -1/49      AC:  4    Str: 13    XL:     7   Next: 36%
Gold:   151        EV: 12    Int: 11    God:
                   SH:  0    Dex: 15

rFire   + + .      SeeInvis .   f - +2 flail (drain)
rCold   x . .      Faith    .   (no shield)
rNeg    . . .      Spirit   .   b - +0 leather armour
rPois   ∞          Reflect  .   c - +0 helmet
rElec   .          Harm     .   (no cloak)
rCorr   .          Rampage  .   (no gloves)
Will    +....                   (boots unavailable)
Stlth   +.........              (no amulet)
HPRegen 0.16/turn               h - ring of willpower
MPRegen 0.00/turn               (no ring)

@: flying
A: sickness immunity, fire resistance 2, cold vulnerability 1, float, innate
caster, HP casting, extra vitality 1
a: no special abilities


You were on level 5 of the Dungeon.
You visited 1 branch of the dungeon, and saw 5 of its levels.

You collected 151 gold pieces.

Inventory:

Hand Weapons
 a - a +0 quarterstaff
 f - a +2 flail of draining (weapon)
Missiles
 d - 3 throwing nets
 e - 62 bolts
Armour
 b - a +0 leather armour (worn)
 c - a +0 helmet (worn)
Jewellery
 h - a ring of willpower (left hand)
 k - a +4 ring of protection
Wands
 q - a wand of polymorph (11)
Scrolls
 g - 4 scrolls of identify {unknown}
 i - a scroll of noise {unknown}
 j - 2 scrolls of enchant armour {unknown}
 l - a scroll of vulnerability {unknown}
 p - a scroll of immolation {unknown}
Potions
 m - a potion of berserk rage {unknown}
 n - a potion of curing {unknown}
 o - a potion of flight {unknown}


   Skills:
 - Level 2.0 Fighting
 - Level 2.6 Staves
 - Level 1.5 Throwing
 - Level 3.2 Dodging
 + Level 5.4 Spellcasting


You had 11 spell levels left.
You knew the following spells:

 Your Spells              Type           Power      Damage    Failure   Level
a - Freeze                Ice            56%        1d7       2%          1
b - Searing Ray           Conj           28%        2d5       4%          2
c - Static Discharge      Conj/Air       14%        N/A       4%          2
Your spell library was empty.

Dungeon Overview and Level Annotations

Branches:
Dungeon (5/15)
 Temple: D:4-7

Altars:
Sif Muna
Xom

Annotations:
D:4 3 runed translucent doors, SnakkuSnakku7's ghost, amateur DjGl


Innate Abilities, Weirdness & Mutations

You are immune to sickness and miasma.
You are immune to poison.
Your flesh is very heat resistant. (rF++)
You are vulnerable to cold. (rC-)
You float through the air rather than walking.
You learn spells naturally, not from books.
Your magical power is your life essence.
You have superior vitality. (+4 MHP)


Message History

Things that are here:
a +1 vorpal hand axe; an orc corpse The orc priest calls down the wrath of Beogh upon you.
Beogh smites you!
Found 15 arrows.
Okay, then.
Okay, then.
Aiming: Searing Ray (safe; 4% risk of failure)
Press: ? - help, Q - select action, (/) - cycle Shift-Dir - straight line The searing ray hits something.
The searing ray hits the orc!
You kill the orc! (Press . to maintain the ray.)
* * * LOW HITPOINT WARNING * * *
Something hits you.
* * * LOW HITPOINT WARNING * * *
The searing ray hits something!
Reactivating autopickup.
You feel a bit more experienced.
The searing ray hits the black bear.
The black bear is lightly wounded.
* * * LOW HITPOINT WARNING * * *
Unknown command.
The searing ray hits the black bear.
The black bear is moderately wounded.
The searing ray hits the orc priest.
The orc priest is heavily wounded.
* * * LOW HITPOINT WARNING * * *
Unknown command.
The searing ray hits the black bear.
The black bear is moderately wounded.
The searing ray hits the orc priest.
The orc priest is heavily wounded.
* * * LOW HITPOINT WARNING * * *
You finish channelling your searing ray.
The black bear bites you.
* * * LOW HITPOINT WARNING * * *
The black bear barely misses you.
The black bear claws you but does no damage.
The orc priest calls down the wrath of Beogh upon you.
Beogh smites you!
You die...

##...#.# ###......#
.........# ###......#
.......o.# ...#..#
#.##).#
##########.##..######
.......@h.o.).......#
##########..#†.####.#
#..#..# #..#..#
..(#..# ###.#..### #
#.#)...##.####
#.#...........
#.####.##.###


You could see a black bear and an orc priest.

Vanquished Creatures
  A centaur (D:3)
  A kobold brigand (D:5)
  3 hounds
  A bullfrog skeleton (D:5)
  An iguana (D:4)
  An orc wizard (D:5)
  A hound skeleton (D:5)
  6 adders
  An adder skeleton (D:4)
  2 worms
  5 dart slugs
  8 orcs
  12 endoplasms
  2 giant cockroaches
  A goblin (D:1)
  4 hobgoblins
  6 jackals
  10 kobolds
  6 quokkas
  4 ball pythons
  3 bats
  2 frilled lizards
  3 rats (D:1)
84 creatures vanquished.

Notes
Turn   | Place    | Note
-------+----------+-------------------------------------------
     0 | D:1      | SnakkuSnakku7 the Djinni Gladiator began the quest for the
                  | Orb.
     0 | D:1      | Reached XP level 1. HP: 18/18 MP: 0/0
   107 | D:1      | Reached skill level 1 in Spellcasting
   107 | D:1      | Reached XP level 2. HP: 22/23 MP: 0/0
   368 | D:1      | Reached XP level 3. HP: 28/28 MP: 0/0
   368 | D:1      | Learned a level 1 spell: Freeze
   555 | D:1      | Reached skill level 2 in Spellcasting
   941 | D:2      | Reached XP level 4. HP: 31/33 MP: 0/0
  1007 | D:2      | Found a faded altar of an unknown god.
  1896 | D:3      | Reached skill level 3 in Spellcasting
  1930 | D:3      | Reached XP level 5. HP: 37/38 MP: 0/0
  1930 | D:3      | Learned a level 2 spell: Searing Ray
  1944 | D:3      | Noticed a centaur
  1950 | D:3      | Killed a centaur
  2182 | D:3      | Reached XP level 6. HP: 43/43 MP: 0/0
  2195 | D:3      | Reached skill level 4 in Spellcasting
  2221 | D:3      | Found a shimmering altar of Xom.
  2364 | D:4      | Found a runed translucent gate.
  2364 | D:4      | Found a runed translucent gate.
  2364 | D:4      | Found a runed translucent gate.
  2366 | D:4      | Noticed SnakkuSnakku7's ghost (amateur DjGl)
  2901 | D:5      | Entered Level 5 of the Dungeon
  2996 | D:5      | Reached skill level 5 in Spellcasting
  2996 | D:5      | Reached XP level 7. HP: 35/49 MP: 0/0
  2996 | D:5      | Learned a level 2 spell: Static Discharge
  3184 | D:5      | Killed from afar by an orc priest

Illustrated notes

Levels and vault maps discovered:
D:1:      dpeg_arrival_orchard, layout_basic, minmay_misc_feat_doors
D:2:      layout_basic, basic_ecumenical_altar, grunt_ministairs_6
D:3:      layout_basic, mainiacjoe_overflow_concentric_impassable
D:4:      layout_rooms, nicolae_sif_muna_condensation, gammafunk_ghost_split,
          minmay_misc_feat_roman
D:5:      layout_loops_ring, uniq_prince_ribbit1

Skill      XL: |  1  2  3  4  5  6 |
---------------+-------------------+-----
Spellcasting   | 1 2 3 5 |  5.4
Fighting       | |  2.0
Staves         | |  2.6
Throwing       | |  1.5
Dodging        | |  3.2

Action                   |  1- 3 |  4- 6 |  7- 9 || total
-------------------------+-------+-------+-------++-------
Melee: Quarterstaff      |    58 |       |       ||    58
       Flail             |    17 |   105 |    15 ||   137
       Punch             |     1 |     1 |       ||     2
 Cast: Searing Ray       |       |     3 |     2 ||     5
 Stab: Sleeping          |     2 |     2 |       ||     4
       Distracted        |       |     1 |       ||     1
Armor: Leather armour    |    21 |    37 |     6 ||    64
Dodge: Dodged            |    53 |    75 |    12 ||   140
